 Dungeon Crawl Stone Soup version 0.30-a0-389-g8d7d949f56 (webtiles) character file.

Game seed: 12645329095928064152

779 avis the Chiller (level 7, -1/59 HPs)
             Began as a Demigod Ice Elementalist on Dec 3, 2022.
             Slain by a phantom (3 damage)
             ... on level 5 of the Dungeon.
             The game lasted 00:30:44 (4771 turns).

avis the Chiller (Demigod Ice Elementalist)         Turns: 4771, Time: 00:30:44

Health: -1/59      AC:  2    Str:  9    XL:     7   Next: 29%
Magic:  11/14      EV: 12    Int: 17    God:
Gold:   202        SH:  0    Dex: 22    Spells: 3/12 levels left

rFire   . . .      SeeInvis .    C - +2 hand axe (freeze)
rCold   . . .      Faith    .    (no shield)
rNeg    . . .      Spirit   .    f - +0 robe
rPois   .          Reflect  .    (no helmet)
rElec   .          Harm     .    (no cloak)
rCorr   .          Rampage  .    (no gloves)
Will    .....                    (no boots)
Stlth   ++........               c - amulet of magic regeneration
HPRegen 0.29/turn                (no ring)
MPRegen 0.54/turn                (no ring)

@: no status effects
A: high MP 1, forlorn, divine attributes
a: no special abilities


You were on level 5 of the Dungeon.
You visited 1 branch of the dungeon, and saw 5 of its levels.

You collected 202 gold pieces.

Inventory:

Hand Weapons
 a - a +0 vampiric falchion
 b - a +0 shortbow
 d - a +0 dagger
 o - a +4 dagger
 w - a +0 whip of venom
 B - a +0 sling
 C - a +2 hand axe of freezing (weapon)
Missiles
 u - 5 boomerangs
Armour
 f - a +0 robe (worn)
 y - a scarf of shadows
Jewellery
 c - an amulet of magic regeneration (around neck)
Wands
 p - a wand of flame (37)
Scrolls
 e - a scroll of torment
 g - a scroll of identify
 j - a scroll of poison {unknown}
 k - a scroll of amnesia {unknown}
 n - a scroll of noise {unknown}
 q - a scroll of immolation {unknown}
 s - a scroll of blinking {unknown}
 t - a scroll of magic mapping {unknown}
 z - a scroll of fog {unknown}
Potions
 h - a potion of magic
 i - a potion of might {unknown}
 l - 2 potions of lignification
 m - a potion of brilliance {unknown}
 r - a potion of berserk rage {unknown}
 x - a potion of haste {unknown}
 A - a potion of attraction {unknown}
 D - a potion of mutation {unknown}


   Skills:
 - Level 4.0 Fighting
 * Level 3.2 Ranged Weapons
 - Level 1.7 Dodging
 - Level 1.7 Stealth
 - Level 3.0 Spellcasting
 - Level 6.0 Ice Magic


You had 3 spell levels left.
You knew the following spells:

 Your Spells              Type           Power      Damage    Failure   Level
a - Freeze                Ice            88%        1d9       1%          1
b - Blink                 Tloc           4%         N/A       26%         2
o - Ozocubu's Armour      Ice            22%        N/A       4%          3
r - Frozen Ramparts       Ice            44%        1d7       4%          3

Your spell library contained the following spells:

 Spells                   Type           Power      Damage    Failure   Level
 Magic Dart               Conj           8%         1d3       17%         1
 Cigotuvi's Dreadful Rot  Necr/Pois/Air  4%         N/A       26%         2
 Poisonous Vapours        Pois/Air       4%         N/A       26%         2
 Mephitic Cloud           Conj/Pois/Air  2%         N/A       45%         3
 Summon Ice Beast         Ice/Summ       12%        N/A       45%         4
 Manifold Assault         Tloc           2%         N/A       86%         4
 Storm Form               Tmut/Air       1%         N/A       100%        7


Dungeon Overview and Level Annotations

Branches:
Dungeon (5/15)
 Temple: D:4-7

Shops:
D:5 [


Innate Abilities, Weirdness & Mutations

You have an increased reservoir of magic. (+10% MP)
You shall have no god before yourself.
Your divine heritage dramatically boosts your attributes as you level up.


Message History

The phantom blinks!
You blink.
Your icy armour cracks and falls away as you move.
Casting: Ozocubu's Armour (dangerous; 4% risk of failure)
Confirm with . or Enter, or press ? or * to list all spells.
A film of ice covers your body! The phantom misses you.
You hit the phantom but do no damage.
The phantom is moderately damaged.
The phantom hits you but does no damage.
You hit the phantom.
The phantom is heavily damaged.
The phantom closely misses you. The phantom hits you.
* * * LOW HITPOINT WARNING * * *
The phantom blinks!
You blink.
Your icy armour cracks and falls away as you move.
Casting: Ozocubu's Armour (dangerous; 4% risk of failure)
Confirm with . or Enter, or press ? or * to list all spells.
A film of ice covers your body! The phantom barely misses you.
You closely miss the phantom.
The phantom is heavily damaged.
The phantom hits you but does no damage.
You hit the phantom.
The phantom is heavily damaged.
The phantom hits you.
* * * LOW HITPOINT WARNING * * *
You feel better. The phantom misses you.
As you read the scroll labelled RUALYU ZIQYUNK, it crumbles to dust.
Your body is wracked with pain!
* * * LOW HITPOINT WARNING * * *
It was a scroll of torment.
The phantom hits you.
* * * LOW HITPOINT WARNING * * *
The phantom blinks!
You blink.
Your icy armour cracks and falls away as you move.
As you read the scroll labelled OFIKKU ONYCEU, it crumbles to dust.
It is a scroll of identify.
l - 2 potions of lignification The phantom hits you.
* * * LOW HITPOINT WARNING * * *
The ogre shouts!
The phantom hits you.
You die...

).#...##.....................
..###........................
##.........................
#..........................
###....................#.....
#.....................##.....
#...##.......................
#.....#......................
##.##......W@................
######......................
###..............#.......
##................###....[
#......#.........## ###...
#..#........###### #...
#...........# ##.)
#...#.......O #..
#..#####.....# ###


You could see an ogre and a phantom.

Vanquished Creatures
  A water moccasin (D:4)
  A black bear (D:5)
  A centaur (D:5)
  5 hounds
  A jelly (D:5)
  2 orc priests
  An iguana (D:5)
  2 orc wizards
  3 gnolls (D:3)
  6 adders
  An ufetubus (D:4)
  A worm (D:4)
  11 orcs
  9 ball pythons
  6 endoplasms
  4 giant cockroaches
  9 hobgoblins
  4 quokkas
  6 bats
  7 frilled lizards
  7 goblins
  9 kobolds
  7 rats
104 creatures vanquished.

Vanquished Creatures (others)
  A fungus (D:5)
1 creature vanquished.

Grand Total: 105 creatures vanquished

Notes
Turn   | Place    | Note
-------+----------+-------------------------------------------
     0 | D:1      | avis the Demigod Ice Elementalist began the quest for the
                  | Orb.
     0 | D:1      | Reached XP level 1. HP: 14/14 MP: 5/5
   158 | D:1      | Reached skill level 4 in Ice Magic
   179 | D:1      | Reached XP level 2. HP: 20/20 MP: 4/7
   319 | D:1      | Reached skill level 1 in Fighting
   541 | D:1      | Got Plato's Handbook of Confrontation
  1197 | D:2      | Reached XP level 3. HP: 28/28 MP: 7/9
  1222 | D:1      | Learned a level 3 spell: Frozen Ramparts
  1428 | D:2      | Learned a level 3 spell: Ozocubu's Armour
  1620 | D:2      | Reached XP level 4. HP: 36/36 MP: 8/11
  2062 | D:3      | Upgraded the game from 0.30-a0-385-gfebfb9b408 to
                  | 0.30-a0-389-g8d7d949f56
  2346 | D:3      | Noticed an angel
  2388 | D:3      | Reached XP level 5. HP: 25/45 MP: 7/12
  3484 | D:4      | Reached skill level 5 in Ice Magic
  3890 | D:5      | Entered Level 5 of the Dungeon
  3890 | D:5      | Found Jifaon's Antique Armour Boutique.
  4091 | D:5      | Noticed a water moccasin
  4114 | D:4      | Killed a water moccasin
  4115 | D:4      | Reached XP level 6. HP: 21/51 MP: 13/13
  4345 | D:5      | Reached skill level 6 in Ice Magic
  4351 | D:5      | Reached XP level 7. HP: 13/59 MP: 12/14
  4608 | D:5      | Learned a level 2 spell: Blink
  4770 | D:5      | HP: 2/59 [phantom (6)]
  4771 | D:5      | Slain by a phantom

Illustrated notes

Levels and vault maps discovered:
D:1:      mrwooster_arrival_statue, layout_loops_ring,
          shapermc_ecumenical_altar_rom_forum, minmay_shallow_snake_nest
D:2:      layout_rooms
D:3:      layout_loops_cross, zin_angel, led_sif_pool, vehumet_altar_wand_db,
          minmay_statues_item, st_stairs_4
D:4:      layout_loops_ring
D:5:      layout_cave_pools, serial_shops, shop, uniq_crazy_yiuf_cottage

Skill      XL: |  1  2  3  4  5  6 |
---------------+-------------------+-----
Ice Magic      | 4 5 6 |  6.0
Spellcasting   | 2 3 |  3.0
Fighting       | 1 2 3 4 |  4.0
Ranged Weapons | 2 3 |  3.2
Dodging        | |  1.7
Stealth        | |  1.7

Action                   |  1- 3 |  4- 6 |  7- 9 || total
-------------------------+-------+-------+-------++-------
Melee: Whip              |    24 |       |       ||    24
       Dagger            |     2 |       |       ||     2
       Punch             |     1 |       |       ||     1
       Hand axe          |       |    25 |    12 ||    37
 Fire: Sling             |    10 |   104 |       ||   114
       Shortbow          |       |       |    13 ||    13
 Cast: Freeze            |    39 |    14 |       ||    53
       Frozen Ramparts   |     5 |    22 |     1 ||    28
       Ozocubu's Armour  |       |    12 |     4 ||    16
  Use: Potion            |       |     1 |     2 ||     3
       Scroll            |       |       |     2 ||     2
 Stab: Sleeping          |     4 |       |       ||     4
Armor: Robe              |     5 |    31 |     3 ||    39
Dodge: Dodged            |    32 |    45 |    11 ||    88

Table legend: (Time is in decaauts)
 A = Elapsed time spent in this place.
 B = Non-inter-level travel time spent in this place.
 C = Inter-level travel time spent in this place.
 D = Time resting spent in this place.
 E = Time spent auto-exploring this place.
 F = Levels seen in this place.
 G = Mean time per level.
                   A        B        C        D        E       F      G
               +--------+--------+--------+--------+--------+-----+--------+
         Total |   4821 |   4355 |    466 |   1190 |   2153 |   5 |  964.2 |
       Dungeon |   4821 |   4355 |    466 |   1190 |   2153 |   5 |  964.2 |
               +--------+--------+--------+--------+--------+-----+--------+

Top non-repeatable levels by time:
     D:1: 1323 daAuts
     D:3: 1215 daAuts
     D:4: 1063 daAuts
     D:5: 642 daAuts
     D:2: 575 daAuts
